 Dungeon Crawl Stone Soup version 0.21.0 (webtiles) character file.

653 Lanoc the Destroyer (level 7, -6/50 HPs)
             Began as a Red Draconian Conjurer on Jan 7, 2018.
             Killed by divine providence
             ... invoked by an orc priest
              (12 damage)
             ... on level 4 of the Dungeon.
             The game lasted 00:13:43 (2934 turns).

Lanoc the Destroyer (Red Draconian Conjurer)        Turns: 2934, Time: 00:13:43

Health: -6/50      AC:  6    Str: 10      XL:     7   Next: 29%
Magic:  0/16       EV: 18    Int: 15 (17) God:
Gold:   209        SH:  0    Dex: 12      Spells: 0/18 levels left

rFire    + . .     SeeInvis .   (no weapon)
rCold    . . .     Gourm    .   (no shield)
rNeg     . . .     Faith    .   (armour unavailable)
rPois    .         Spirit   .   (helmet restricted)
rElec    .         Reflect  .   l - scarf {repulsion}
rCorr    .         Harm     .   (no gloves)
MR       .....                  (no boots)
Stlth    ++........             (no amulet)
HPRegen  0.16/turn              p - +4 ring of evasion
MPRegen  0.15/turn              t - ring of wizardry

@: hasted, repel missiles, very quick
A: breathe fire, unfitting armour, fire resistance 1, cold-blooded, AC +6
a: Breathe Fire


You were on level 4 of the Dungeon.
You were not hungry.

You visited 1 branch of the dungeon, and saw 4 of its levels.

You collected 209 gold pieces.

Inventory:

Armour
 l - a scarf of repulsion (worn)
Jewellery
 p - a +4 ring of evasion (left hand)
 t - a ring of wizardry (right hand)
Scrolls
 c - a scroll of immolation {unknown}
 d - 2 scrolls of magic mapping {unknown}
 f - a scroll of blinking {unknown}
 g - a scroll of enchant armour {unknown}
 h - a scroll of random uselessness {unknown}
 i - a scroll of remove curse {unknown}
 j - a scroll of enchant weapon {unknown}
 k - 3 scrolls of identify {unknown}
 n - 3 scrolls of teleportation {unknown}
Potions
 o - a potion of mutation {unknown}
 r - a potion of might {unknown}
 u - 2 potions of flight {unknown}
Books
 a - a book of Conjurations

   Spells                             Type                      Level
   a - Magic Dart                     Conjuration                  1
   b - Searing Ray                    Conjuration                  2
   c - Dazzling Spray                 Conjuration/Hexes            3
   d - Fulminant Prism                Conjuration/Hexes            4
   e - Force Lance                    Conjuration/Translocation    4
   f - Iskenderun's Mystic Blast      Conjuration                  4
 m - a book of Misfortune

   Spells                             Type                      Level
   a - Confusing Touch                Hexes                        1
   b - Confuse                        Hexes                        3
   c - Gell's Gravitas                Translocation                3
   d - Petrify                        Transmutation/Earth          4
   e - Metabolic Englaciation         Hexes/Ice                    5
   f - Yara's Violent Unravelling     Hexes/Transmutation          5
 q - a book of Minor Magic

   Spells                             Type                      Level
   a - Magic Dart                     Conjuration                  1
   b - Blink                          Translocation                2
   c - Call Imp                       Summoning                    2
   d - Slow                           Hexes                        2
   e - Conjure Flame                  Conjuration/Fire             3
   f - Mephitic Cloud                 Conjuration/Poison/Air       3
Comestibles
 b - 7 rations
 v - a chunk of flesh


   Skills:
 - Level 5.0 Dodging
 - Level 1.7 Stealth
 + Level 6.0 Spellcasting
 * Level 9.8 Conjurations


You couldn't memorise any spells.
You knew the following spells:

 Your Spells              Type           Power        Failure   Level  Hunger
a - Magic Dart            Conj           ####         1%          1    None
b - Searing Ray           Conj           ####..       1%          2    #......
c - Iskenderun's Mystic   Conj           ####....     1%          4    ####...
d - Fulminant Prism       Conj/Hex       ###.......   8%          4    ####...
e - Force Lance           Conj/Tloc      ###.....     8%          4    ####...
f - Mephitic Cloud        Conj/Pois/Air  ##......     4%          3    ##.....


Dungeon Overview and Level Annotations

Branches:
Dungeon (4/15)
 Temple: D:4-7

Altars:
Ashenzari
Lugonu

Portals:
Abyss: D:1


Innate Abilities, Weirdness & Mutations

You can breathe blasts of fire.
Your fiery red scales are hard. (AC +6)
You cannot fit into any form of body armour.
Your flesh is heat resistant. (rF+)
You are cold-blooded and may be slowed by cold attacks.


Message History

The orc priest mumbles some strange prayers to Beogh against you.
Beogh smites you!
* * * LOW HITPOINT WARNING * * *
The searing ray misses the orc priest. x2
You feel better. The orc priest closely misses you.
You feel yourself speed up. The orc priest closely misses you.
Casting: Searing Ray
Confirm with . or Enter, or press ? or * to list all spells.
Aiming: Magic Dart
Press: ? - help, Shift-Dir - straight line, f/p - orc priest
Aim: an orc priest, wielding a dagger (severely wounded)
The magic dart hits the orc priest.
The orc priest is almost dead.
The orc priest calls down the wrath of Beogh upon you.
Beogh smites you!
* * * LOW HITPOINT WARNING * * *
You feel better.
The orc priest invokes the aid of Beogh against you.
Beogh smites you!
You die...

######### .### #........ ....
+........ ..! #........ #.#####
#........ ###..... #........
.#......##################..#####
......%....Zoo..@................
.#......###################..####
#......# ##.# #......# #..#
#..†...# ##.# #...o..# .#
#.....Z# .# #......# .. #?.....#
#.


You could see 2 orc priests and a centaur skeleton.

Vanquished Creatures
  Grinder (D:2)
  Sigmund (D:3)
  An iguana (D:4)
  Natasha (thrice) (D:3)
  A hound skeleton (D:4)
  3 gnolls (D:2)
  5 adders
  2 worms
  2 dart slugs (D:1)
  A leopard gecko (D:1)
  2 orcs
  A giant cockroach (D:3)
  4 goblins
  6 hobgoblins
  A jackal (D:1)
  A quokka (D:4)
  4 ball pythons
  6 bats
  6 frilled lizards
  10 kobolds
  10 rats
71 creatures vanquished.

Notes
Turn   | Place    | Note
-------+----------+-------------------------------------------
     0 | D:1      | Lanoc the Draconian Conjurer began the quest for the Orb.
     0 | D:1      | Reached XP level 1. HP: 14/14 MP: 3/3
   175 | D:1      | Reached XP level 2. HP: 11/20 MP: 0/5
   182 | D:1      | Learned a level 2 spell: Searing Ray
   566 | D:1      | Found a one-way gate to the infinite horrors of the Abyss.
   566 | D:1      | Found a corrupted altar of Lugonu.
   566 | D:1      | Noticed a demonic crawler
   566 | D:1      | Noticed a demonic crawler
   890 | D:1      | You fall through a shaft!
   980 | D:2      | Reached XP level 3. HP: 11/26 MP: 1/6
   990 | D:2      | Reached skill level 5 in Dodging
   990 | D:2      | Reached skill level 5 in Spellcasting
   990 | D:2      | Reached skill level 8 in Conjurations
   990 | D:2      | Reached XP level 4. HP: 10/33 MP: 1/11
  1285 | D:2      | Learned a level 4 spell: Iskenderun's Mystic Blast
  1290 | D:2      | Learned a level 4 spell: Fulminant Prism
  1308 | D:2      | Reached skill level 9 in Conjurations
  1441 | D:2      | Reached XP level 5. HP: 38/38 MP: 8/12
  1781 | D:3      | Noticed Grinder
  1790 | D:2      | Paralysed by Grinder for 6 turns
  1950 | D:2      | Killed Grinder
  1950 | D:2      | Reached XP level 6. HP: 17/45 MP: 4/14
  2203 | D:3      | Noticed Sigmund
  2233 | D:3      | Killed Sigmund
  2233 | D:3      | Your scales start taking on a fiery red colour.
  2233 | D:3      | Reached XP level 7. HP: 45/50 MP: 1/15
  2233 | D:3      | Gained mutation: Your flesh is heat resistant. (rF+) [Red Draconian growth]
  2272 | D:3      | Learned a level 4 spell: Force Lance
  2430 | D:3      | Noticed Natasha
  2436 | D:3      | Killed Natasha
  2624 | D:3      | Noticed Natasha
  2627 | D:3      | Killed Natasha
  2639 | D:3      | Noticed Natasha
  2644 | D:3      | Killed Natasha
  2746 | D:3      | Learned a level 3 spell: Mephitic Cloud
  2757 | D:4      | Found a shattered altar of Ashenzari.
  2933 | D:4      | HP: 1/50 [orc priest/divine providence (9)]
  2934 | D:4      | Killed from afar by an orc priest

Skill      XL: |  1  2  3  4  5  6  7 |
---------------+----------------------+-----
Dodging        | 5 |  5.0
Spellcasting   | 5 6 |  6.0
Conjurations   | 8 9 |  9.8
Stealth        | |  1.7

Action                   |  1- 3 |  4- 6 |  7- 9 || total
-------------------------+-------+-------+-------++-------
Melee: Unarmed           |    37 |     8 |     2 ||    47
       Tailslap          |     1 |       |       ||     1
 Cast: Magic Dart        |    34 |    34 |    30 ||    98
       Searing Ray       |     1 |     9 |     5 ||    15
       Iskenderun's Myst |       |     8 |     6 ||    14
  Use: Potion            |     4 |     4 |     3 ||    11
  Eat: Chunk             |       |     6 |     3 ||     9
Armor: Skin              |    37 |     1 |     2 ||    40
Dodge: Dodged            |    67 |    17 |     8 ||    92
       Deflected         |       |     1 |       ||     1
